 Dungeon Crawl Stone Soup version 0.30-b1-2-g02819fbbbe (webtiles) character file.

Game seed: 14780646305500258539

60905 MisterFreud the Spry (level 14, -1/72 HPs)
             Began as a Felid Berserker on June 27, 2023.
             Was the Champion of Trog.
             Killed by Olgreb's Toxic Radiance
             ... invoked by a naga ritualist
              (2 damage)
             ... on level 1 of the Snake Pit.
             The game lasted 00:43:37 (24262 turns).

MisterFreud the Spry (Felid Berserker)             Turns: 24262, Time: 00:43:37

Health: -1/72      AC:  3    Str: 13    XL:     14   Next: 58%
Magic:  0/15       EV: 48    Int:  9    God:    Trog [******]
Gold:   3057       SH:  0    Dex: 29    Spells: 13/13 levels left
                                        Lives:  0   Deaths: 4

rFire   . .          .
                       - Unarmed
rCold   + . .        (shield unavailable)
rNeg    . . .        (body armour unavailable)
rPois   x            (helmet unavailable)
rElec   .            (cloak unavailable)
rCorr   .            (gloves unavailable)
SInv    +            (boots unavailable)
Will    ++++.        b - amulet of guardian spirit
Stlth   ++++++++     A - +5 ring of evasion
HPRegen 1.32/turn    u - +6 ring of dexterity
MPRegen 0.14/turn

%: guardian spirit
@: lethally poisoned (-1 -> -4), strong-willed, poison vulnerable, on berserk
cooldown, regenerating, slowed, slow
A: very small, claws 1, fangs 3, see invisible, speed 1, shaggy fur 3, stealthy
paws, no weapons or thrown items, no armour, multi-lived
a: Renounce Religion, Berserk, Trog's Hand, Brothers in Arms


You were on level 1 of the Snake Pit.
You worshipped Trog.
Trog was exalted by your worship.
You visited 4 branches of the dungeon, and saw 23 of its levels.
You also visited: Ossuary and Ice Cave.

You collected 3549 gold pieces.
You spent 492 gold pieces at shops.

Inventory:

Jewellery
 b - an amulet of guardian spirit (around neck)
 u - a +6 ring of dexterity (right paw)
 A - a +5 ring of evasion (left paw)
 C - a ring of ice
 H - a ring of willpower
Wands
 e - a wand of polymorph (6)
 h - a wand of flame (51)
 p - a wand of light (14)
 v - a wand of iceblast (15)
 w - a wand of paralysis (30)
 D - a wand of digging (8)
 G - a wand of mindburst (16)
Scrolls
 d - 6 scrolls of immolation
 j - 4 scrolls of fog
 o - 2 scrolls of vulnerability
 r - 7 scrolls of teleportation
 y - 3 scrolls of fear
 E - a scroll of magic mapping
 I - a scroll of silence
 K - a scroll of blinking
 L - 3 scrolls of identify
Potions
 a - 5 potions of lignification
 c - 8 potions of mutation
 f - 6 potions of flight
 g - 3 potions of ambrosia
 i - 3 potions of cancellation
 k - 4 potions of curing
 l - 2 potions of magic
 m - 7 potions of heal wounds
 n - a potion of invisibility
 q - 2 potions of attraction
 s - 4 potions of might
 x - 3 potions of haste
 z - 2 potions of resistance
 B - 4 potions of brilliance
Miscellaneous
 t - a piece from Xom's chessboard (15/15)
 F - a tin of tremorstones (2/2)
 J - a lightning rod (4/4)


   Skills:
 + Level 14.4 Fighting
 + Level 19.0 Dodging
 - Level 18.0 Stealth
 + Level 18.6 Unarmed Combat
 - Level 10.0 Evocations


You had 13 spell levels left.
You didn't know any spells.
Your spell library was empty.

Dungeon Overview and Level Annotations

Branches:
Dungeon (15/15)            Temple (0/1) D:6            Lair (5/5) D:8
  Swamp (0/4) Lair:3        Snake (1/4) Lair:3        Slime (0/5) Lair:5
    Orc (2/2) D:9             Elf (0/3) Orc:2        Vaults (0/5) D:14
 Depths (0/4) D:15        Ossuary (visited)           IceCv (visited)

Altars:
Gozag
Qazlal
Ru
Sif Muna
Wu Jian
Jiyva

Shops:
D:4 [   D:6 :   D:7 *   Orc:2 (??!

Portals:
Trove: D:13 (give 4 potions of resistance)

Annotations:
Lair:2 1 runed translucent door, Metae's ghost, journeyman MiFi


Innate Abilities, Weirdness & Mutations

You have sharp claws.
You have razor-sharp teeth.
You have supernaturally acute eyesight. (SInv)
You cover ground quickly. (Speed+)
Your thick and shaggy fur keeps you warm. (AC +3, rC+)
Your paws help you pounce on unaware monsters.
You are incapable of wielding weapons or throwing items.
You cannot wear armour.
You gain extra lives every three experience levels.


Message History

The naga ritualist calls down the wrath of its god upon you.
You feel yourself grow more vulnerable to poison.
The naga spits poison at you. The splash of poison misses you.
Things that are here:
a +0 robe; a +0 halberd Your skin crawls.
You feel strong-willed.
You feel very sick.
* * * LOW HITPOINT WARNING * * *
You are lethally poisoned!
The naga ritualist's toxic aura wanes.
Unknown command.
* * * LOW HITPOINT WARNING * * *
You feel very sick.
You feel better.
The naga ritualist prays to its god.
The naga ritualist begins to radiate toxic energy.
* * * LOW HITPOINT WARNING * * *
You are poisoned.
The naga spits poison at you. The splash of poison misses you.
You feel sick.
* * * LOW HITPOINT WARNING * * *
You are more poisoned.
Things that are here:
a +0 robe; a +0 halberd You feel very sick.
* * * LOW HITPOINT WARNING * * *
You are more poisoned.
The salamander completely misses you.
* * * LOW HITPOINT WARNING * * *
You feel very sick.
You are lethally poisoned!
The naga ritualist spits poison at you. The splash of poison misses you.
There is a staircase back to the Lair, spattered with blood here.
* * * LOW HITPOINT WARNING * * *
You feel very sick.
You die...

############
#....@.....#
#..........#
#...[NN....#
#......[...#
#......[...#
#######.N#.#
#### ##.[.#
##....
##..#####..#
#...##...####


You could see a salamander, a naga ritualist (toxic aura, catching breath) and a
naga.

Vanquished Creatures
  Rupert (D:12)
  Gastronok (Lair:3)
  A very ugly thing (D:15)
  An ironbound preserver (D:14)
  Snorg (Orc:1)
  A great orb of eyes (D:15)
  6 hydras
  Erolcha (D:11)
  Erica (D:8)
  2 centaur warriors
  6 boulder beetles
  5 catoblepae
  An anaconda (Snake:1)
  A two-headed ogre (D:12)
  A tengu warrior (D:14)
  Urug (Lair:3)
  4 orc high priests (Orc:2)
  A naga warrior (Snake:1)
  4 death yaks (Lair:5)
  Amaemon (Lair:3)
  A skeletal warrior (D:14)
  Nergalle (Orc:1)
  5 skysharks
  Lodul (D:11)
  2 naga ritualists (Snake:1)
  2 bog bodies (Lair:3)
  A lindwurm (Lair:4)
  6 deep elf pyromancers
  7 orc knights
  7 orc sorcerers
  5 mana vipers (Snake:1)
  9 ugly things (D:15)
  4 manticores
  3 cyclopes
  26 elephants
  Maurice (Orc:1)
  A naga mage (Snake:1)
  A guardian serpent (Snake:1)
  16 black mambas
  2 gargoyles
  8 cane toads
  An orange demon (Lair:3)
  A torpor snail (Lair:1)
  3 rime drakes
  3 freezing wraiths
  3 yaktaurs (D:15)
  8 komodo dragons
  An anaconda simulacrum (IceCv)
  A tengu conjurer (D:14)
  6 trolls
  17 blink frogs
  20 slime creatures
  Sigmund (D:2)
  2 shadows
  2 wraiths
  7 wyverns
  4 basilisks
  A human (shapeshifter) (D:15)
  A steam dragon (D:10)
  A fire elemental (D:10)
  68 yaks
  7 nagas
  2 wargs
  6 acid dragons
  7 water moccasins
  An ice beast (D:6)
  A sky beast (D:4)
  17 orc warriors
  A hornet zombie (D:7)
  An alligator simulacrum (IceCv)
  12 ogres
  23 wolves
  2 centaurs
  A phantom (D:7)
  16 bullfrogs
  2 kobold brigands
  A scorpion (D:6)
  A gnoll sergeant (D:11)
  2 water moccasin zombies (D:7)
  12 wights
  4 killer bees (D:6)
  A lindwurm simulacrum (IceCv)
  3 electric eels (D:8)
  3 howler monkeys
  A vampire bat (D:3)
  2 centaur zombies (D:7)
  A bullfrog zombie (D:7)
  8 hounds
  22 orc priests
  6 jellies
  A gnoll bouda (D:6)
  A human zombie (Ossuary)
  7 iguanas
  A sleepcap (D:5)
  14 orc wizards
  Natasha (thrice) (D:3)
  2 mummies (Ossuary)
  6 gnolls
  9 adders
  A shadow imp (D:8)
  2 white imps
  An ufetubus (D:6)
  4 worms
  2 dart slugs
  3 fire bats (D:3)
  74 orcs
  2 spectral bats (D:3)
  10 ball pythons
  3 bat skeletons (D:3)
  A bat zombie (D:3)
  9 endoplasms
  2 giant cockroaches (D:1)
  10 goblins
  11 hobgoblins
  15 kobolds
  2 quokkas
  11 bats
  A bat simulacrum (D:3)
  A goblin zombie (Ossuary)
  9 hobgoblin zombies (Ossuary)
  4 jackal zombies (Ossuary)
  16 kobold zombies (Ossuary)
  3 orc zombies (Ossuary)
  7 rats
  2 rat zombies (Ossuary)
717 creatures vanquished.

Vanquished Creatures (collateral kills)
  A cane toad (Lair:1)
  2 blink frogs (Lair:1)
  A yak (Lair:1)
4 creatures vanquished.

Vanquished Creatures (others)
  An orc warrior (Orc:2)
  An orc wizard (Orc:2)
  A kobold (D:10)
  A bush (Lair:5)
  40 fungi
  69 plants
  5 withered plants (D:7)
118 creatures vanquished.

Grand Total: 839 creatures vanquished

Notes
Turn   | Place    | Note
-------+----------+-------------------------------------------
     0 | D:1      | MisterFreud the Felid Berserker began the quest for the
                  | Orb.
     0 | D:1      | Reached XP level 1. HP: 10/10 MP: 2/2
    79 | D:1      | Reached skill level 1 in Stealth
   159 | D:1      | Reached XP level 2. HP: 14/14 MP: 1/3
   622 | D:1      | Identified a scroll of acquirement
   623 | D:1      | Acquired a manual of Stealth
   834 | D:2      | Noticed Sigmund
   865 | D:2      | Killed Sigmund
   866 | D:2      | Reached skill level 5 in Unarmed Combat
   866 | D:2      | Reached XP level 3. HP: 17/17 MP: 2/4
   866 | D:2      | Reached XP level 4. HP: 21/21 MP: 2/5
   866 | D:2      | Reached XP level 5. HP: 24/24 MP: 2/6
  1321 | D:2      | Reached ** piety under Trog
  1535 | D:3      | Noticed Natasha
  1552 | D:3      | Killed Natasha
  1635 | D:3      | Gained mutation: You are covered in thick fur. (AC +2)
                  | [Felid growth]
  1635 | D:3      | Reached XP level 6. HP: 28/28 MP: 7/7
  1719 | D:3      | Noticed Natasha
  1730 | D:3      | Killed Natasha
  2109 | D:3      | Noticed Natasha
  2116 | D:3      | Killed Natasha
  2199 | D:4      | Found Nalaomn's Armour Boutique.
  2318 | D:4      | Reached *** piety under Trog
  2319 | D:4      | Found a stormy altar of Qazlal.
  2520 | D:4      | Noticed a sky beast
  2534 | D:4      | Killed a sky beast
  2535 | D:4      | Reached skill level 5 in Dodging
  2535 | D:4      | Reached XP level 7. HP: 31/31 MP: 4/8
  2695 | D:4      | Found an ornate altar of the Wu Jian Council.
  3129 | D:5      | Entered Level 5 of the Dungeon
  3715 | D:6      | Reached XP level 8. HP: 31/36 MP: 6/9
  3738 | D:6      | Reached skill level 6 in Dodging
  3765 | D:6      | Found an opulent altar of Gozag.
  3865 | D:6      | Found a staircase to the Ecumenical Temple.
  3871 | D:6      | Found a sacrificial altar of Ru.
  4688 | D:6      | Reached skill level 5 in Fighting
  4688 | D:6      | Reached skill level 10 in Stealth
  4901 | D:6      | Found Hom Hoilor's Book Boutique.
  5176 | D:7      | Reached skill level 7 in Dodging
  5280 | D:7      | Found Xatzuh's Neck Hole.
  5370 | D:7      | Reached XP level 9. HP: 29/41 MP: 7/10
  5480 | D:7      | Reached skill level 8 in Dodging
  5706 | D:7      | Reached **** piety under Trog
  5797 | D:7      | Found a sand-covered staircase.
  5803 | Ossuary  | Entered an ossuary
  6512 | D:8      | Found a staircase to the Lair.
  6659 | D:8      | Reached skill level 10 in Unarmed Combat
  6667 | D:8      | Reached skill level 1 in Evocations
  6677 | D:8      | Reached skill level 9 in Dodging
  6758 | D:8      | Noticed a troll
  6768 | D:8      | Noticed Erica
  6771 | D:8      | Killed a troll
  6772 | D:8      | Reached XP level 10. HP: 46/46 MP: 11/11
  6823 | D:8      | Killed Erica
  7210 | D:8      | Reached skill level 10 in Dodging
  7402 | D:9      | Killed from afar by an orc priest
  7403 | D:9      | Reached XP level 9. HP: 0/43 MP: 0/10
  7541 | D:9      | Noticed a gargoyle
  7551 | D:9      | Killed a gargoyle
  7889 | D:9      | Reached skill level 5 in Evocations
  7892 | D:9      | Reached ***** piety under Trog
  7893 | D:9      | Reached XP level 10. HP: 48/48 MP: 11/11
  8032 | D:9      | Found a staircase to the Orcish Mines.
  8259 | D:10     | Entered Level 10 of the Dungeon
  8342 | D:9      | Reached skill level 11 in Dodging
  8989 | D:10     | Noticed a gargoyle
  8999 | D:10     | Killed a gargoyle
  9056 | D:10     | Noticed a deep elf pyromancer
  9059 | D:10     | Killed a deep elf pyromancer
  9288 | Lair:1   | Entered Level 1 of the Lair of Beasts
  9288 | Lair:1   | Noticed a catoblepas
  9299 | Lair:1   | Killed a catoblepas
  9300 | Lair:1   | Reached skill level 15 in Stealth
  9425 | Lair:1   | Noticed a cane toad
  9433 | Lair:1   | Noticed a black mamba
  9440 | Lair:1   | Killed a cane toad
  9441 | Lair:1   | Reached XP level 11. HP: 52/52 MP: 8/12
  9453 | Lair:1   | Mangled by a black mamba
  9454 | Lair:1   | Reached XP level 10. HP: -13/49 MP: 0/11
  9660 | Lair:1   | Reached skill level 12 in Dodging
  9666 | Lair:1   | Killed a black mamba
  9794 | Lair:1   | Noticed a torpor snail
  9818 | Lair:1   | Killed a cane toad
  9822 | Lair:1   | Killed a torpor snail
 10325 | Lair:2   | Noticed an elephant
 10355 | Lair:2   | Noticed an elephant
 10357 | Lair:2   | Noticed an elephant
 10362 | Lair:2   | Noticed an elephant
 10372 | Lair:2   | Killed an elephant
 10382 | Lair:2   | Killed an elephant
 10383 | Lair:2   | Reached skill level 13 in Dodging
 10383 | Lair:2   | Reached XP level 11. HP: 50/54 MP: 7/12
 10387 | Lair:2   | Reached skill level 10 in Fighting
 10588 | Lair:2   | Reached skill level 14 in Dodging
 10788 | Lair:2   | Found a runed translucent door.
 10791 | Lair:2   | Noticed Metae's ghost (journeyman MiFi)
 11125 | Lair:3   | Noticed Gastronok
 11133 | Lair:3   | Killed Gastronok
 11152 | Lair:3   | Noticed Amaemon
 11189 | Lair:3   | Killed Amaemon
 11270 | Lair:3   | Noticed Urug
 11278 | Lair:3   | Reached skill level 15 in Dodging
 11290 | Lair:3   | Killed Urug
 11332 | Lair:3   | Gained mutation: Your thick and shaggy fur keeps you warm.
                  | (AC +3, rC+) [Felid growth]
 11332 | Lair:3   | Reached XP level 12. HP: 42/58 MP: 6/13
 11370 | Lair:3   | Found a staircase to the Swamp.
 11393 | Lair:3   | Slain by a bog body
 11394 | Lair:3   | Reached XP level 11. HP: -1/81 MP: 0/12
 11413 | Lair:3   | Found a staircase to the Snake Pit.
 11938 | Lair:3   | Killed a bog body
 12356 | Lair:3   | Reached skill level 10 in Evocations
 12437 | Lair:4   | Noticed a skyshark
 12437 | Lair:4   | Found a shimmering blue altar of Sif Muna.
 12438 | Lair:4   | Killed a skyshark
 12453 | Lair:4   | Noticed a lindwurm
 12454 | Lair:4   | Acquired a manual of Unarmed Combat
 12455 | Lair:4   | Acquired 660 gold pieces
 12469 | Lair:4   | Killed a lindwurm
 12557 | Lair:4   | Noticed a five-headed hydra
 12569 | Lair:4   | Killed a five-headed hydra
 12978 | Lair:4   | Reached XP level 12. HP: 58/58 MP: 13/13
 13485 | Lair:5   | Entered Level 5 of the Lair of Beasts
 13485 | Lair:5   | Noticed a boulder beetle
 13485 | Lair:5   | Noticed a boulder beetle
 13596 | Lair:5   | Noticed a seven-headed hydra
 13619 | Lair:5   | Noticed a seven-headed hydra
 13629 | Lair:5   | Killed a seven-headed hydra
 13815 | Lair:5   | Killed a seven-headed hydra
 13816 | Lair:5   | Reached skill level 15 in Unarmed Combat
 14352 | Lair:5   | Found a staircase to the Slime Pits.
 14352 | Lair:5   | Found a viscous altar of Jiyva.
 14373 | Lair:5   | Killed a boulder beetle
 14563 | Lair:5   | Reached XP level 13. HP: 61/63 MP: 14/14
 14775 | Lair:5   | Found the +8 trishula "Condemnation" {holy, anguish, *Noise
                  | Fly rN+}
 15204 | Lair:5   | Reached ****** piety under Trog
 16084 | Lair:5   | Identified the staff of conjuration "Zac Jin" {rPois Will-
                  | Str+5}
 16524 | D:11     | Noticed Erolcha
 16526 | D:11     | Killed Erolcha
 16527 | D:11     | Reached skill level 16 in Dodging
 16736 | D:11     | Noticed Lodul
 16757 | D:11     | Killed Lodul
 17011 | D:12     | Noticed Rupert
 17016 | D:12     | Killed Rupert
 17130 | D:12     | Reached XP level 14. HP: 69/69 MP: 11/15
 18565 | D:13     | Found a portal to a secret trove of treasure.
 18888 | D:14     | Reached skill level 17 in Dodging
 19160 | D:14     | Found a gate to the Vaults.
 19160 | D:14     | Noticed an ironbound preserver
 19168 | D:14     | Killed an ironbound preserver
 19703 | D:15     | Entered Level 15 of the Dungeon
 19999 | D:15     | Found a frozen archway.
 20060 | IceCv    | Entered an ice cave
 20156 | D:15     | Noticed a purple very ugly thing
 20166 | D:15     | Killed a purple very ugly thing
 20447 | D:15     | Found a staircase to the Depths.
 21041 | Orc:1    | Entered Level 1 of the Orcish Mines
 21090 | Orc:1    | Noticed Snorg
 21103 | Orc:1    | Killed Snorg
 21169 | Orc:1    | Reached skill level 18 in Dodging
 21257 | Orc:1    | Noticed Maurice
 21264 | Orc:1    | Killed Maurice
 21293 | Orc:1    | Noticed Nergalle
 21302 | Orc:1    | Killed Nergalle
 21459 | Orc:2    | Entered Level 2 of the Orcish Mines
 21520 | Orc:1    | Reached XP level 15. HP: 75/75 MP: 16/16
 21969 | Orc:2    | Found a staircase to the Elven Halls.
 22883 | Orc:2    | Found Fodwewn's Distillery.
 22883 | Orc:2    | Found Racopn's Magic Scroll Shop.
 22885 | Orc:2    | Found Xyakh's Magic Scroll Shoppe.
 22885 | Orc:2    | Found Xyoc's Antique Weapon Shop.
 22891 | Orc:2    | Bought a potion of haste for 110 gold pieces
 22894 | Orc:2    | Bought a scroll of blinking for 90 gold pieces
 22894 | Orc:2    | Bought a scroll of fear for 48 gold pieces
 22894 | Orc:2    | Bought a scroll of identify for 24 gold pieces
 22894 | Orc:2    | Bought a scroll of identify for 24 gold pieces
 22897 | Orc:2    | Bought a scroll of identify for 28 gold pieces
 22897 | Orc:2    | Bought a scroll of teleportation for 42 gold pieces
 22897 | Orc:2    | Bought a scroll of identify for 28 gold pieces
 22897 | Orc:2    | Bought a scroll of identify for 28 gold pieces
 22897 | Orc:2    | Bought a scroll of teleportation for 42 gold pieces
 22897 | Orc:2    | Bought a scroll of identify for 28 gold pieces
 23062 | Snake:1  | Entered Level 1 of the Snake Pit
 23113 | Lair:3   | HP: 3/75 [black mamba (4)]
 23113 | Lair:3   | Mangled by a black mamba
 23114 | Lair:3   | Reached XP level 14. HP: -13/72 MP: 0/15
 24246 | Snake:1  | Reached skill level 19 in Dodging
 24257 | Snake:1  | HP: 3/72 [poisoned by a naga ritualist (toxic radiance)]
 24262 | Snake:1  | HP: 1/72 [poisoned by a naga ritualist (toxic radiance)]
 24262 | Snake:1  | Killed from afar by a naga ritualist

Illustrated notes

Levels and vault maps discovered:
D:1:      dpeg_arrival_short_road, layout_loops_ring, minmay_misc_feat_roman
D:2:      layout_basic, uniq_sigmund
D:3:      layout_rooms, kennysheep_big_empty_room, goddamned_bats, uniq_natasha
D:4:      layout_cave_pods, kennysheep_mini_moat, grunt_qazlal_sundering,
          serial_shops, shop
D:5:      layout_cave_pools, nicolae_kite_square_tiling_tiny
D:6:      layout_basic, nicolae_overflow_hidden_temple, grunt_gozag_statues,
          minmay_temple_entry_statues, serial_shops, shop
D:7:      layout_basic, nicolae_ossuary_entry_plus, serial_undead,
          serial_undead_b, serial_undead_f, serial_undead_f, serial_undead_c,
          hellmonk_bongcloud_opening, nrook_uturn,
          nicolae_shop_sticking_my_neck_out
D:8:      layout_rooms, erik_lair_island, uniq_erica
D:9:      layout_long_grid, erik_orc_3, enter_bailey_4
D:10:     layout_loops_cross, dilly_guarded_unrand_elemental_staff
D:11:     layout_basic, uniq_lodul, uniq_erolcha
D:12:     layout_loops_ring, uniq_rupert
D:13:     layout_roguey, trove_entry_hex_spiral
D:14:     layout_loops_ring, skrybe_vaults_entry_preservation
D:15:     gammafunk_enter_depths_forms, layout_gridville,
          portal_ice_cave_entry_frozen_things, minmay_crystal_room
Lair:1:   layout_roguey, enter_volcano_4, lemuel_fruit_tree,
          infiniplex_staircase_pool_2
Lair:2:   layout_roguey, ebering_ghost_inner_flame, grunt_megastairs_2
Lair:3:   layout_regular_city, skrybe_swamp_entry_bodies,
          guppyfry_snake_entry_garden, uniq_amaemon, uniq_gastronok, uniq_urug
Lair:4:   layout_roguey, basic_altar
Lair:5:   evilmike_catoblepas_cave, layout_layer_cave,
          nicolae_slime_entry_slimehenge, infiniplex_staircase_pool
Snake:1:  layout_rooms, serial_bayou, serial_bayou_shore_a, serial_bayou_pond_a,
          serial_bayou_pond_d, serial_bayou_crossing
Orc:1:    layout_caves, mines1_david, uniq_nergalle, uniq_maurice, uniq_snorg
Orc:2:    grunt_orc_tribal_feast, layout_diamond_mine, david_defended_altar_orc

Skill      XL: |  1  2  3  4  5  6  7  8  9 10 11 12 13 14 15 |
---------------+----------------------------------------------+-----
Stealth        | 1 6 7 9 10 13 15 18 | 18.0
Unarmed Combat | 5 6 7 8 10 12 16 17 18 | 18.6
Dodging        | 5 7 9 13 15 16 19 | 19.0
Fighting       | 4 5 6 9 10 11 12 13 14 | 14.4
Evocations     | 5 8 10 | 10.0

Action                     |  1- 3 |  4- 6 |  7- 9 | 10-12 | 13-15 || total
---------------------------+-------+-------+-------+-------+-------++-------
  Melee: Unarmed           |    31 |   163 |   438 |   937 |   943 ||  2512
         Bite              |     2 |    15 |    45 |   154 |   175 ||   391
         Punch             |       |     3 |    25 |   101 |   131 ||   260
 Invoke: Berserk           |     1 |     3 |     8 |    14 |    17 ||    43
         Trog's Hand       |       |     1 |     3 |     6 |     3 ||    13
         Brothers in Arms  |       |       |       |     1 |       ||     1
  Evoke: Wand              |       |       |     1 |     4 |     1 ||     6
    Use: Scroll            |     3 |     5 |     6 |    14 |     8 ||    36
         Potion            |       |       |       |     2 |     4 ||     6
   Stab: Sleeping          |     6 |    18 |    31 |    37 |    51 ||   143
         Distracted        |     1 |       |     1 |     9 |     5 ||    16
         Petrified         |       |       |       |       |     1 ||     1
 Armour: Skin              |       |    13 |    20 |    30 |    17 ||    80
  Dodge: Dodged            |    13 |   140 |   312 |  1078 |   883 ||  2426
